Blues vs Hurricanes

Created - Friday, January 30, 2015 at 23:06

Goals
1 2 3 T
Blues 0 1 0 1
Hurricanes 0 1 1 2
Shots
1 2 3 T
Blues 0 10 9 19
Hurricanes 8 12 15 35

1st period

No Goal

Penalties :
Blair Jones (StL) for Interference (Minor) at 3:20, Steve Ott (StL) for Roughing (Minor) at 4:56, Mike Fisher (Car) for Tripping (Minor) at 11:35

2nd period

1. Hurricanes , Francois Beauchemin 4 (Jiri Hudler, Mike Fisher) at 7:31
2. Blues , Artem Anisimov 6 (Steve Ott, Rick Nash) at 18:06

Penalties :
Bryan Allen (StL) for Holding (Minor) at 8:56

3rd period

3. Hurricanes , Thomas Hickey 7 (Jiri Hudler, Adam Henrique) at 19:44

Penalties :
Rick Nash (StL) for Tripping (Minor) at 5:50, Fedor Tyutin (Car) for Hooking (Minor) at 13:15, Blair Jones (StL) for Hooking (Minor) at 17:39

Goalie Stats

Henrik Lundqvist (StL), 33 saves from 35 shots - (0.943), L, 29-9-4, 60:00 minutes
Brian Elliott (Car), 18 saves from 19 shots - (0.947), W, 32-6-4, 60:00 minutes

Players Stats for Blues

Player Name              G  A  P  +/- PIM S  H  SB GA TA FO     MP     PP MP  PK MP  
------------------------------------------------------------------------------------
Anders Lee               0  0  0   0  0   1  1  0  1  0  0/1     8:45   1:58   0:00 
Andrew Desjardins        0  0  0   0  0   0  3  1  0  0  4/9    12:47   0:00   0:15 
Artem Anisimov           1  0  1   1  0   3  0  1  1  0  0/1    15:01   0:00   0:20 
Blair Jones              0  0  0  -1  4   0  0  1  0  0  1/4     6:48   0:00   0:19 
Brandon Saad             0  0  0  -1  0   3  0  0  0  1  0/0    20:32   2:00   4:54 
Bryan Allen              0  0  0   0  2   0  4  2  0  4  0/0    23:43   0:00   3:34 
Cam Atkinson             0  0  0   0  0   3  0  0  1  0  0/0    13:58   0:40   0:00 
Hampus Lindholm          0  0  0  -1  0   0  1  0  0  1  0/0    12:55   1:18   0:00 
Johan Franzen            0  0  0  -1  0   2  0  2  1  0  0/1    22:38   1:18   3:56 
Josh Gorges              0  0  0   0  0   1  0  0  0  1  0/0    19:41   2:40   1:37 
Kevan Miller             0  0  0   0  0   1  1  3  1  1  0/0    19:39   0:00   5:23 
Mark Fayne               0  0  0  -1  0   0  0  3  0  1  0/0    15:36   0:00   4:21 
Matt Donovan             0  0  0   0  0   0  1  0  0  0  0/0     6:59   1:18   0:00 
Rick Nash                0  1  1   1  2   1  1  0  4  0  1/1    17:51   2:00   0:00 
Sean Couturier           0  0  0  -2  0   2  2  0  0  0  5/21   18:55   2:00   5:16 
Steve Ott                0  1  1   1  2   0  1  2  0  3  6/14   19:13   0:00   3:40 
Tomas Tatar              0  0  0  -1  0   1  2  0  1  0  0/3    12:52   1:58   0:00 
Zdeno Chara              0  0  0   0  0   1  1  3  0  2  0/0    22:07   2:40   4:09 

Players Stats for Hurricanes

Player Name              G  A  P  +/- PIM S  H  SB GA TA FO     MP     PP MP  PK MP  
------------------------------------------------------------------------------------
Aaron Ness               0  0  0   0  0   4  2  0  0  1  0/0    21:15   5:01   0:00 
Adam Henrique            0  1  1   2  0   3  2  0  1  0  1/1    18:31   4:58   0:00 
Brian Flynn              0  0  0   0  0   3  1  0  0  0  0/0    11:13   0:00   1:53 
Fedor Tyutin             0  0  0   0  2   1  1  4  1  0  0/0    21:29   5:01   0:00 
Francois Beauchemin      1  0  1   1  0   3  2  1  0  2  0/0    21:54   4:31   1:41 
Jiri Hudler              0  2  2   2  0   3  1  0  5  0  0/0    18:16   4:58   0:00 
Marian Gaborik           0  0  0   0  0   3  3  0  1  0  0/1    16:55   4:34   0:00 
Mark Arcobello           0  0  0  -1  0   0  1  0  1  0  4/8    13:36   0:00   2:05 
Marty Havlat             0  0  0  -1  0   1  0  0  3  0  1/1    11:31   0:00   0:00 
Mason Raymond            0  0  0  -1  0   0  0  0  3  1  0/0    13:36   0:00   2:05 
Mike Fisher              0  1  1   2  2   3  2  1  2  0  14/19  18:15   4:58   0:00 
Mikhail Grabovski        0  0  0   0  0   1  1  0  0  0  6/9    16:55   4:34   0:00 
Radim Vrbata             0  0  0   0  0   4  1  1  2  0  0/0    16:55   4:34   0:00 
Robyn Regehr             0  0  0   0  0   1  0  1  1  2  0/0    16:51   0:00   2:17 
Stephen Gionta           0  0  0   0  0   0  2  0  0  0  12/16  11:13   0:00   1:53 
Thomas Hickey            1  0  1   1  0   2  3  0  0  1  0/0    21:39   4:31   1:41 
Viktor Stalberg          0  0  0   0  0   2  0  0  0  0  0/0     8:50   0:00   0:00 
Zbynek Michalek          0  0  0   0  0   1  0  1  0  1  0/0    17:06   0:00   2:17 

3 Stars

1 - Jiri Hudler (Car)
2 - Thomas Hickey (Car)
3 - Francois Beauchemin (Car)

Power Play

Blues - 0 on 2 Attempt(s) - 0.00%
Hurricanes - 0 on 5 Attempt(s) - 0.00%

Penalty Kill

Blues - 5 on 5 Attempt(s) - 100.00% - Score 0 goal in Penalty Kill
Hurricanes - 2 on 2 Attempt(s) - 100.00% - Score 0 goal in Penalty Kill

Team Stat

Blues - Hits : 18 - Faceoff Wins : 17 - Blocked Shots : 18 - Penalty Minutes : 10
Hurricanes - Hits : 22 - Faceoff Wins : 38 - Blocked Shots : 9 - Penalty Minutes : 4

Official

Referees : Unknown
Linesman : Unknown

Game Notes

No Game Note

Finance

Level 1 -- Attendance: 5734 (95.57%) -- Ticket Income $487,390
Level 2 -- Attendance: 5000 (100.00%) -- Ticket Income $240,000
Level 3 -- Attendance: 1750 (87.50%) -- Ticket Income $49,000
Level 4 -- Attendance: 4000 (100.00%) -- Ticket Income $52,000
Luxury Box -- Attendance: 993 (99.30%) -- Ticket Income $178,740
Game was played at the RBC Arena'
Total Attendance: 17477 (97.09%)
Total Ticket Income: $1,007,130
Other Income: $493,494
Total Income: $1,500,624

Blues

5 vs 5 Forward 
   Center                   Left Wing                Right Wing               Time % Phy DF OF 
 1 Sean Couturier           Johan Franzen            Tomas Tatar              34     1   1  3  
 2 Steve Ott                Artem Anisimov           Rick Nash                30     1   1  3  
 3 Andrew Desjardins        Brandon Saad             Cam Atkinson             24     1   2  2  
 4 Blair Jones              Anders Lee               Johan Franzen            12     1   2  2  

5 vs 5 Defense 
   Defense                  Defense                                           Time % Phy DF OF 
 1 Zdeno Chara              Bryan Allen                                       35     1   3  1  
 2 Kevan Miller             Josh Gorges                                       32     1   3  1  
 3 Mark Fayne               Hampus Lindholm                                   19     1   3  1  
 4 Matt Donovan             Bryan Allen                                       14     1   3  1  

PowerPlay Forward 
   Center                   Left Wing                Right Wing               Time % Phy DF OF 
 1 Sean Couturier           Brandon Saad             Rick Nash                50     1   1  3  
 2 Anders Lee               Johan Franzen            Tomas Tatar              50     1   1  3  

PowerPlay Defense
   Defense                  Defense                                           Time % Phy DF OF 
 1 Zdeno Chara              Josh Gorges                                       50     1   1  3  
 2 Hampus Lindholm          Matt Donovan                                      50     1   1  3  

Penalty Kill 4 Players Forward 
   Center                   Wing                     Time % Phy DF OF 
 1 Sean Couturier           Brandon Saad             50     1   4  0  
 2 Steve Ott                Johan Franzen            50     1   4  0  

Penalty Kill 4 Players Defense
   Defense                  Defense                  Time % Phy DF OF 
 1 Zdeno Chara              Bryan Allen              50     1   4  0  
 2 Mark Fayne               Kevan Miller             50     1   4  0  

Penalty Kill - 3 Players Forward 
   Forward                                           Time % Phy DF OF 
 1 Sean Couturier                                    50     1   4  0  
 2 Artem Anisimov                                    50     1   4  0  

Penalty Kill - 3 Players Defense
   Defense                  Defense                  Time % Phy DF OF 
 1 Zdeno Chara              Bryan Allen              50     1   4  0  
 2 Josh Gorges              Kevan Miller             50     1   4  0  

4 vs 4 Forward 
   Center                   Wing                     Time % Phy DF OF 
 1 Sean Couturier           Rick Nash                50     1   3  1  
 2 Johan Franzen            Anders Lee               50     1   3  1  

4 vs 4 Defense
   Defense                  Defense                  Time % Phy DF OF 
 1 Zdeno Chara              Josh Gorges              50     1   3  1  
 2 Mark Fayne               Bryan Allen              50     1   3  1  

Last Minutes Offensive
   Center                   Left Wing                Right Wing               Defense                  Defense                  
   Sean Couturier           Brandon Saad             Rick Nash                Zdeno Chara              Josh Gorges              

Last Minutes Defensive
   Center                   Left Wing                Right Wing               Defense                  Defense                  
   Sean Couturier           Steve Ott                Rick Nash                Zdeno Chara              Josh Gorges              

Goaltenders
Starting : Henrik Lundqvist         
Backup : Frederik Andersen        

Extra Forwards
Normal : Tomas Tatar, Cam Atkinson, Andrew Desjardins - PP : Tomas Tatar, Cam Atkinson - PK : Andrew Desjardins
Extra Defensemen
Normal : Kevan Miller, Bryan Allen, Josh Gorges - PP : Kevan Miller - PK : Zdeno Chara, Josh Gorges
Penalty Shots
Sean Couturier, Steve Ott, Rick Nash, Johan Franzen, Artem Anisimov

Hurricanes

5 vs 5 Forward 
   Center                   Left Wing                Right Wing               Time % Phy DF OF 
 1 Mike Fisher              Adam Henrique            Jiri Hudler              28     0   2  3  
 2 Mikhail Grabovski        Marian Gaborik           Radim Vrbata             27     0   2  3  
 3 Mark Arcobello           Mason Raymond            Marty Havlat             25     0   2  3  
 4 Stephen Gionta           Viktor Stalberg          Brian Flynn              20     0   2  3  

5 vs 5 Defense 
   Defense                  Defense                                           Time % Phy DF OF 
 1 Francois Beauchemin      Thomas Hickey                                     35     0   2  3  
 2 Fedor Tyutin             Aaron Ness                                        35     0   2  3  
 3 Zbynek Michalek          Robyn Regehr                                      30     1   2  2  
 4 Francois Beauchemin      Thomas Hickey                                     0      0   2  3  

PowerPlay Forward 
   Center                   Left Wing                Right Wing               Time % Phy DF OF 
 1 Mike Fisher              Adam Henrique            Jiri Hudler              50     0   1  4  
 2 Mikhail Grabovski        Marian Gaborik           Radim Vrbata             50     0   1  4  

PowerPlay Defense
   Defense                  Defense                                           Time % Phy DF OF 
 1 Francois Beauchemin      Thomas Hickey                                     50     0   1  4  
 2 Fedor Tyutin             Aaron Ness                                        50     0   1  4  

Penalty Kill 4 Players Forward 
   Center                   Wing                     Time % Phy DF OF 
 1 Stephen Gionta           Brian Flynn              50     0   4  1  
 2 Mark Arcobello           Mason Raymond            50     0   4  1  

Penalty Kill 4 Players Defense
   Defense                  Defense                  Time % Phy DF OF 
 1 Zbynek Michalek          Robyn Regehr             50     1   4  0  
 2 Francois Beauchemin      Thomas Hickey            50     1   4  0  

Penalty Kill - 3 Players Forward 
   Forward                                           Time % Phy DF OF 
 1 Stephen Gionta                                    50     0   5  0  
 2 Mark Arcobello                                    50     0   5  0  

Penalty Kill - 3 Players Defense
   Defense                  Defense                  Time % Phy DF OF 
 1 Zbynek Michalek          Robyn Regehr             50     1   4  0  
 2 Francois Beauchemin      Thomas Hickey            50     1   4  0  

4 vs 4 Forward 
   Center                   Wing                     Time % Phy DF OF 
 1 Mike Fisher              Adam Henrique            50     0   2  3  
 2 Mikhail Grabovski        Radim Vrbata             50     0   2  3  

4 vs 4 Defense
   Defense                  Defense                  Time % Phy DF OF 
 1 Francois Beauchemin      Thomas Hickey            50     0   2  3  
 2 Fedor Tyutin             Aaron Ness               50     0   2  3  

Last Minutes Offensive
   Center                   Left Wing                Right Wing               Defense                  Defense                  
   Mike Fisher              Adam Henrique            Radim Vrbata             Francois Beauchemin      Fedor Tyutin             

Last Minutes Defensive
   Center                   Left Wing                Right Wing               Defense                  Defense                  
   Stephen Gionta           Adam Henrique            Brian Flynn              Zbynek Michalek          Francois Beauchemin      

Goaltenders
Starting : Brian Elliott            
Backup : Michal Neuvirth          

Extra Forwards
Normal : Mike Fisher, Radim Vrbata, Marian Gaborik - PP : Marian Gaborik, Radim Vrbata - PK : Stephen Gionta
Extra Defensemen
Normal : Francois Beauchemin, Fedor Tyutin, Thomas Hickey - PP : Francois Beauchemin - PK : Francois Beauchemin, Fedor Tyutin
Penalty Shots
Radim Vrbata, Marian Gaborik, Jiri Hudler, Mikhail Grabovski, Marty Havlat

% Time on Ice - Blues

Lines # - Real PCT - Wanted PCT - Time Play
Normal Forward
1 - 25% - 34% - 11:24
2 - 34% - 30% - 15:55
3 - 27% - 24% - 12:31
4 - 14% - 12% - 6:25
Normal Defense
1 - 33% - 35% - 15:03
2 - 32% - 32% - 14:38
3 - 24% - 19% - 11:15
4 - 11% - 14% - 5:19
PP Forward
1 - 50% - 50% - 2:00
2 - 50% - 50% - 1:58
PP Defense
1 - 67% - 50% - 2:40
2 - 33% - 50% - 1:18
PK Forward
1 - 54% - 50% - 4:54
2 - 46% - 50% - 4:15
PK Defense
1 - 45% - 50% - 4:09
2 - 55% - 50% - 5:00
PK3 Forward
1 - 96% - 50% - 0:22
2 - 4% - 50% - 0:01
PK3 Defense
1 - 0% - 50% - 0:00
2 - 100% - 50% - 0:23
44 Forward
1 - 0% - 50%
2 - 0% - 50%
44 Defense
1 - 0% - 50%
2 - 0% - 50%
Last Minute Offensive  - 0:15
Last Minute Defensive  - 0:00
Total
Forward - 60:00
Defense - 60:00

% Time on Ice - Hurricanes

Lines # - Real PCT - Wanted PCT - Time Play
Normal Forward
1 - 29% - 28% - 13:33
2 - 27% - 27% - 12:21
3 - 25% - 25% - 11:31
4 - 19% - 20% - 8:50
Normal Defense
1 - 36% - 35% - 16:29
2 - 35% - 35% - 16:14
3 - 29% - 30% - 13:32
4 - 0% - 0% - 0:00
PP Forward
1 - 52% - 50% - 4:58
2 - 48% - 50% - 4:34
PP Defense
1 - 47% - 50% - 4:31
2 - 53% - 50% - 5:01
PK Forward
1 - 47% - 50% - 1:53
2 - 53% - 50% - 2:05
PK Defense
1 - 58% - 50% - 2:17
2 - 42% - 50% - 1:41
PK3 Forward
1 - 0% - 50%
2 - 0% - 50%
PK3 Defense
1 - 0% - 50%
2 - 0% - 50%
44 Forward
1 - 0% - 50%
2 - 0% - 50%
44 Defense
1 - 0% - 50%
2 - 0% - 50%
Last Minute Offensive  - 0:00
Last Minute Defensive  - 0:15
Total
Forward - 60:00
Defense - 60:00

Play by Play

1st period


0:01 of 1st period - Mike Fisher wins face-off versus Johan Franzen in neutral zone.
1:30 of 1st period - Wrist shot by Marty Havlat.
1:30 of 1st period - Shot Misses the Net.
1:38 of 1st period - Snap shot by Mason Raymond.
1:38 of 1st period - Shot Blocked by Artem Anisimov.
1:44 of 1st period - Josh Gorges is hit by Aaron Ness and loses puck.
2:28 of 1st period - Snap shot by Brandon Saad.
2:28 of 1st period - Shot Misses the Net.
2:56 of 1st period - Snap shot by Brian Flynn.
2:56 of 1st period - Shot Blocked by Mark Fayne.
3:20 of 1st period - Minor Penalty to Blair Jones for Interference.
3:21 of 1st period - Mike Fisher wins face-off versus Sean Couturier in Blues zone.
3:24 of 1st period - Snap shot by Jiri Hudler.
3:24 of 1st period - Shot Blocked by Zdeno Chara.
3:26 of 1st period - Slapshot by Francois Beauchemin.
3:26 of 1st period - Shot Misses the Net.
3:28 of 1st period - Slapshot by Mike Fisher.
3:28 of 1st period - Shot Misses the Net.
3:30 of 1st period - Slapshot by Mike Fisher.
3:30 of 1st period - Stopped by Henrik Lundqvist with a rebound.
3:40 of 1st period - Snap shot by Mike Fisher.
3:40 of 1st period - Deflect By Jiri Hudler.
3:40 of 1st period - Stopped by Henrik Lundqvist without a rebound.
3:41 of 1st period - Mike Fisher wins face-off versus Sean Couturier in Blues zone.
4:40 of 1st period - Snap shot by Radim Vrbata.
4:40 of 1st period - Shot Misses the Net.
4:56 of 1st period - Minor Penalty to Steve Ott for Roughing.
4:57 of 1st period - Mike Fisher wins face-off versus Sean Couturier in Blues zone.
5:07 of 1st period - Slapshot by Thomas Hickey.
5:07 of 1st period - Shot Blocked by Kevan Miller.
5:09 of 1st period - Wrist shot by Adam Henrique.
5:09 of 1st period - Shot Misses the Net.
5:13 of 1st period - Wrist shot by Adam Henrique.
5:13 of 1st period - Stopped by Henrik Lundqvist with a rebound.
5:15 of 1st period - Backhand shot by Francois Beauchemin.
5:15 of 1st period - Stopped by Henrik Lundqvist without a rebound.
5:16 of 1st period - Sean Couturier wins face-off versus Mike Fisher in Blues zone.
5:20 of 1st period - Penalty to Blair Jones is over, Blair Jones is back on ice.
6:04 of 1st period - Kevan Miller is hit by Francois Beauchemin and loses puck.
6:27 of 1st period - Wrist shot by Mike Fisher.
6:27 of 1st period - Shot Misses the Net.
6:56 of 1st period - Penalty to Steve Ott is over, Steve Ott is back on ice.
7:13 of 1st period - Snap shot by Artem Anisimov.
7:13 of 1st period - Shot Misses the Net.
7:15 of 1st period - Slapshot by Zdeno Chara.
7:15 of 1st period - Deflect By Steve Ott.
7:15 of 1st period - Shot Blocked by Fedor Tyutin.
7:15 of 1st period - Puck is out of play.
7:16 of 1st period - Stephen Gionta wins face-off versus Steve Ott in Hurricanes zone.
7:16 of 1st period - Stephen Gionta is hit by Matt Donovan.
8:03 of 1st period - Zbynek Michalek is hit by Andrew Desjardins.
9:10 of 1st period - Josh Gorges is hit by Francois Beauchemin and loses puck.
11:09 of 1st period - Wrist shot by Mason Raymond.
11:09 of 1st period - Shot Blocked by Blair Jones.
11:35 of 1st period - Minor Penalty to Mike Fisher for Tripping.
11:36 of 1st period - Stephen Gionta wins face-off versus Sean Couturier in Hurricanes zone.
11:47 of 1st period - Snap shot by Brian Flynn.
11:47 of 1st period - Shot Misses the Net.
11:49 of 1st period - Snap shot by Robyn Regehr.
11:49 of 1st period - Stopped by Henrik Lundqvist with a rebound.
12:27 of 1st period - Zbynek Michalek is hit by Rick Nash and loses puck.
12:50 of 1st period - Francois Beauchemin is hit by Sean Couturier and loses puck.
13:25 of 1st period - Tomas Tatar is hit by Thomas Hickey and loses puck.
13:35 of 1st period - Penalty to Mike Fisher is over, Mike Fisher is back on ice.
14:28 of 1st period - Adam Henrique is hit by Bryan Allen and loses puck.
15:04 of 1st period - Mike Fisher is hit by Kevan Miller.
15:24 of 1st period - Snap shot by Anders Lee.
15:24 of 1st period - Deflect By Blair Jones.
15:24 of 1st period - Shot Blocked by Fedor Tyutin.
15:24 of 1st period - Puck is out of play.
15:25 of 1st period - Stephen Gionta wins face-off versus Blair Jones in Hurricanes zone.
15:29 of 1st period - Off-side.
15:30 of 1st period - Steve Ott wins face-off versus Marian Gaborik in neutral zone.
15:35 of 1st period - Snap shot by Rick Nash.
15:35 of 1st period - Shot Misses the Net.
16:10 of 1st period - Francois Beauchemin is hit by Bryan Allen and loses puck.
16:21 of 1st period - Sean Couturier is hit by Mike Fisher and loses puck.
16:30 of 1st period - Mark Fayne is hit by Mike Fisher and loses puck.
16:55 of 1st period - Josh Gorges is hit by Brian Flynn and loses puck.
17:14 of 1st period - Kevan Miller is hit by Stephen Gionta and loses puck.
17:49 of 1st period - Andrew Desjardins is hit by Mark Arcobello and loses puck.
18:18 of 1st period - Snap shot by Radim Vrbata.
18:18 of 1st period - Stopped by Henrik Lundqvist without a rebound.
18:19 of 1st period - Mikhail Grabovski wins face-off versus Sean Couturier in Blues zone.
18:44 of 1st period - Bryan Allen is hit by Fedor Tyutin and loses puck.
19:20 of 1st period - Wrist shot by Artem Anisimov.
19:20 of 1st period - Deflect By Rick Nash.
19:20 of 1st period - Shot Blocked by Fedor Tyutin.
19:20 of 1st period - Puck is out of play.
19:21 of 1st period - Marty Havlat wins face-off versus Steve Ott in Hurricanes zone.
19:52 of 1st period - Snap shot by Mason Raymond.
19:52 of 1st period - Deflect By Marty Havlat.
19:52 of 1st period - Stopped by Henrik Lundqvist without a rebound.
19:53 of 1st period - Stephen Gionta wins face-off versus Andrew Desjardins in Blues zone.
19:56 of 1st period - Slapshot by Francois Beauchemin.
19:56 of 1st period - Stopped by Henrik Lundqvist with a rebound.
Goals for this period are 0 for Blues vs 0 for Hurricanes.
Shots for this period are 0 for Blues vs 8 for Hurricanes.

2nd period


0:01 of 2nd period - Sean Couturier wins face-off versus Mike Fisher in neutral zone.
0:05 of 2nd period - Off-side.
0:06 of 2nd period - Mike Fisher wins face-off versus Tomas Tatar in neutral zone.
0:09 of 2nd period - Slapshot by Mike Fisher.
0:09 of 2nd period - Stopped by Henrik Lundqvist with a rebound.
1:20 of 2nd period - Wrist shot by Brandon Saad.
1:20 of 2nd period - Stopped by Brian Elliott with a rebound.
1:22 of 2nd period - Snap shot by Andrew Desjardins.
1:22 of 2nd period - Deflect By Cam Atkinson.
1:22 of 2nd period - Stopped by Brian Elliott without a rebound.
1:23 of 2nd period - Steve Ott wins face-off versus Mikhail Grabovski in Hurricanes zone.
1:34 of 2nd period - Francois Beauchemin is hit by Hampus Lindholm and loses puck.
2:13 of 2nd period - Snap shot by Johan Franzen.
2:13 of 2nd period - Stopped by Brian Elliott without a rebound.
2:14 of 2nd period - Blair Jones wins face-off versus Mark Arcobello in Hurricanes zone.
2:23 of 2nd period - Wrist shot by Marty Havlat.
2:23 of 2nd period - Shot Misses the Net.
2:27 of 2nd period - Wrist shot by Mason Raymond.
2:27 of 2nd period - Deflect By Mark Arcobello.
2:27 of 2nd period - Shot Blocked by Johan Franzen.
2:27 of 2nd period - Puck is out of play.
2:28 of 2nd period - Mark Arcobello wins face-off versus Andrew Desjardins in Blues zone.
3:17 of 2nd period - Wrist shot by Stephen Gionta.
3:17 of 2nd period - Shot Misses the Net.
3:19 of 2nd period - Slapshot by Viktor Stalberg.
3:19 of 2nd period - Stopped by Henrik Lundqvist without a rebound.
3:20 of 2nd period - Stephen Gionta wins face-off versus Tomas Tatar in Blues zone.
3:35 of 2nd period - Slapshot by Viktor Stalberg.
3:35 of 2nd period - Shot Blocked by Zdeno Chara.
3:53 of 2nd period - Off-side.
3:54 of 2nd period - Steve Ott wins face-off versus Mikhail Grabovski in neutral zone.
4:11 of 2nd period - Wrist shot by Marian Gaborik.
4:11 of 2nd period - Stopped by Henrik Lundqvist with a rebound.
4:13 of 2nd period - Wrist shot by Zbynek Michalek.
4:13 of 2nd period - Shot Blocked by Mark Fayne.
4:25 of 2nd period - Snap shot by Marian Gaborik.
4:25 of 2nd period - Stopped by Henrik Lundqvist without a rebound.
4:26 of 2nd period - Mike Fisher wins face-off versus Sean Couturier in Blues zone.
5:22 of 2nd period - Wrist shot by Marty Havlat.
5:22 of 2nd period - Deflect By Mark Arcobello.
5:22 of 2nd period - Shot Misses the Net.
5:22 of 2nd period - Puck is out of play.
5:23 of 2nd period - Andrew Desjardins wins face-off versus Mark Arcobello in Blues zone.
5:30 of 2nd period - Snap shot by Cam Atkinson.
5:30 of 2nd period - Shot Blocked by Robyn Regehr.
6:16 of 2nd period - Robyn Regehr is hit by Steve Ott.
6:28 of 2nd period - Mark Fayne is hit by Radim Vrbata and loses puck.
6:59 of 2nd period - Bryan Allen is hit by Stephen Gionta and loses puck.
7:08 of 2nd period - Snap shot by Brian Flynn.
7:08 of 2nd period - Stopped by Henrik Lundqvist with a rebound.
7:10 of 2nd period - Slapshot by Fedor Tyutin.
7:10 of 2nd period - Shot Misses the Net.
7:12 of 2nd period - Slapshot by Viktor Stalberg.
7:12 of 2nd period - Deflect By Brian Flynn.
7:12 of 2nd period - Stopped by Henrik Lundqvist without a rebound.
7:13 of 2nd period - Mike Fisher wins face-off versus Tomas Tatar in Blues zone.
7:31 of 2nd period - Slapshot by Francois Beauchemin.
7:31 of 2nd period - Goal by Francois Beauchemin - Blues : 0 - Hurricanes : 1.
7:32 of 2nd period - Andrew Desjardins wins face-off versus Mike Fisher in neutral zone.
7:37 of 2nd period - Snap shot by Brandon Saad.
7:37 of 2nd period - Shot Misses the Net.
7:47 of 2nd period - Wrist shot by Cam Atkinson.
7:47 of 2nd period - Shot Misses the Net.
8:19 of 2nd period - Slapshot by Mikhail Grabovski.
8:19 of 2nd period - Deflect By Radim Vrbata.
8:19 of 2nd period - Stopped by Henrik Lundqvist with a rebound.
8:27 of 2nd period - Francois Beauchemin is hit by Bryan Allen and loses puck.
8:42 of 2nd period - Wrist shot by Marian Gaborik.
8:42 of 2nd period - Shot Misses the Net.
8:56 of 2nd period - Minor Penalty to Bryan Allen for Holding.
8:57 of 2nd period - Mike Fisher wins face-off versus Sean Couturier in Blues zone.
9:53 of 2nd period - Brandon Saad is hit by Marian Gaborik and loses puck.
10:14 of 2nd period - Slapshot by Jiri Hudler.
10:14 of 2nd period - Shot Blocked by Mark Fayne.
10:16 of 2nd period - Wrist shot by Jiri Hudler.
10:16 of 2nd period - Shot Misses the Net.
10:18 of 2nd period - Wrist shot by Mike Fisher.
10:18 of 2nd period - Shot Misses the Net.
10:20 of 2nd period - Slapshot by Aaron Ness.
10:20 of 2nd period - Stopped by Henrik Lundqvist without a rebound.
10:21 of 2nd period - Mike Fisher wins face-off versus Steve Ott in Blues zone.
10:56 of 2nd period - Penalty to Bryan Allen is over, Bryan Allen is back on ice.
11:02 of 2nd period - Slapshot by Jiri Hudler.
11:02 of 2nd period - Stopped by Henrik Lundqvist with a rebound.
11:34 of 2nd period - Wrist shot by Mason Raymond.
11:34 of 2nd period - Shot Misses the Net.
11:36 of 2nd period - Slapshot by Zbynek Michalek.
11:36 of 2nd period - Stopped by Henrik Lundqvist without a rebound.
11:37 of 2nd period - Andrew Desjardins wins face-off versus Stephen Gionta in Blues zone.
12:07 of 2nd period - Slapshot by Brandon Saad.
12:07 of 2nd period - Deflect By Cam Atkinson.
12:07 of 2nd period - Stopped by Brian Elliott without a rebound.
12:08 of 2nd period - Mark Arcobello wins face-off versus Sean Couturier in Hurricanes zone.
12:08 of 2nd period - Mark Arcobello is hit by Tomas Tatar.
13:59 of 2nd period - Wrist shot by Mike Fisher.
13:59 of 2nd period - Stopped by Henrik Lundqvist with a rebound.
14:30 of 2nd period - Snap shot by Rick Nash.
14:30 of 2nd period - Shot Blocked by Francois Beauchemin.
14:36 of 2nd period - Wrist shot by Artem Anisimov.
14:36 of 2nd period - Stopped by Brian Elliott with a rebound.
14:38 of 2nd period - Snap shot by Kevan Miller.
14:38 of 2nd period - Stopped by Brian Elliott without a rebound.
14:39 of 2nd period - Mark Arcobello wins face-off versus Sean Couturier in Hurricanes zone.
15:02 of 2nd period - Snap shot by Marty Havlat.
15:02 of 2nd period - Shot Blocked by Kevan Miller.
15:04 of 2nd period - Wrist shot by Zbynek Michalek.
15:04 of 2nd period - Shot Misses the Net.
15:14 of 2nd period - Wrist shot by Marty Havlat.
15:14 of 2nd period - Deflect By Mark Arcobello.
15:14 of 2nd period - Shot Misses the Net.
15:14 of 2nd period - Puck is out of play.
15:15 of 2nd period - Mikhail Grabovski wins face-off versus Steve Ott in Blues zone.
15:26 of 2nd period - Snap shot by Artem Anisimov.
15:26 of 2nd period - Stopped by Brian Elliott with a rebound.
16:08 of 2nd period - Aaron Ness is hit by Zdeno Chara and loses puck.
16:45 of 2nd period - Snap shot by Tomas Tatar.
16:45 of 2nd period - Shot Misses the Net.
16:47 of 2nd period - Wrist shot by Cam Atkinson.
16:47 of 2nd period - Shot Misses the Net.
16:49 of 2nd period - Wrist shot by Sean Couturier.
16:49 of 2nd period - Shot Blocked by Zbynek Michalek.
16:51 of 2nd period - Wrist shot by Sean Couturier.
16:51 of 2nd period - Shot Blocked by Mike Fisher.
16:59 of 2nd period - Snap shot by Sean Couturier.
16:59 of 2nd period - Stopped by Brian Elliott without a rebound.
17:00 of 2nd period - Stephen Gionta wins face-off versus Blair Jones in Hurricanes zone.
17:19 of 2nd period - Thomas Hickey is hit by Anders Lee and loses puck.
18:06 of 2nd period - Snap shot by Artem Anisimov.
18:06 of 2nd period - Goal by Artem Anisimov - Blues : 1 - Hurricanes : 1.
18:07 of 2nd period - Adam Henrique wins face-off versus Steve Ott in neutral zone.
18:18 of 2nd period - Zdeno Chara is hit by Adam Henrique and loses puck.
18:26 of 2nd period - Wrist shot by Zdeno Chara.
18:26 of 2nd period - Stopped by Brian Elliott without a rebound.
18:27 of 2nd period - Steve Ott wins face-off versus Mike Fisher in Hurricanes zone.
19:15 of 2nd period - Snap shot by Radim Vrbata.
19:15 of 2nd period - Shot Misses the Net.
19:23 of 2nd period - Mikhail Grabovski is hit by Andrew Desjardins and loses puck.
19:34 of 2nd period - Snap shot by Cam Atkinson.
19:34 of 2nd period - Shot Misses the Net.
19:40 of 2nd period - Cam Atkinson is hit by Marian Gaborik and loses puck.
Goals for this period are 1 for Blues vs 1 for Hurricanes.
Shots for this period are 10 for Blues vs 12 for Hurricanes.

3rd period


0:01 of 3rd period - Sean Couturier wins face-off versus Mike Fisher in neutral zone.
0:33 of 3rd period - Snap shot by Sean Couturier.
0:33 of 3rd period - Deflect By Johan Franzen.
0:33 of 3rd period - Shot Misses the Net.
0:33 of 3rd period - Puck is out of play.
0:34 of 3rd period - Mikhail Grabovski wins face-off versus Steve Ott in Hurricanes zone.
0:41 of 3rd period - Artem Anisimov is hit by Mikhail Grabovski and loses puck.
0:58 of 3rd period - Slapshot by Mikhail Grabovski.
0:58 of 3rd period - Stopped by Henrik Lundqvist without a rebound.
0:59 of 3rd period - Mark Arcobello wins face-off versus Andrew Desjardins in Blues zone.
1:12 of 3rd period - Wrist shot by Mark Arcobello.
1:12 of 3rd period - Shot Misses the Net.
1:14 of 3rd period - Slapshot by Aaron Ness.
1:14 of 3rd period - Shot Misses the Net.
1:36 of 3rd period - Zdeno Chara is hit by Aaron Ness and loses puck.
1:53 of 3rd period - Aaron Ness is hit by Bryan Allen and loses puck.
2:06 of 3rd period - Wrist shot by Sean Couturier.
2:06 of 3rd period - Stopped by Brian Elliott without a rebound.
2:07 of 3rd period - Stephen Gionta wins face-off versus Sean Couturier in Hurricanes zone.
2:07 of 3rd period - Stephen Gionta is hit by Sean Couturier.
2:32 of 3rd period - Snap shot by Viktor Stalberg.
2:32 of 3rd period - Stopped by Henrik Lundqvist with a rebound.
2:44 of 3rd period - Wrist shot by Brian Flynn.
2:44 of 3rd period - Stopped by Henrik Lundqvist with a rebound.
3:22 of 3rd period - Snap shot by Radim Vrbata.
3:22 of 3rd period - Stopped by Henrik Lundqvist with a rebound.
3:54 of 3rd period - Slapshot by Adam Henrique.
3:54 of 3rd period - Shot Blocked by Bryan Allen.
3:56 of 3rd period - Slapshot by Fedor Tyutin.
3:56 of 3rd period - Shot Blocked by Zdeno Chara.
3:58 of 3rd period - Wrist shot by Adam Henrique.
3:58 of 3rd period - Stopped by Henrik Lundqvist with a rebound.
4:18 of 3rd period - Wrist shot by Marty Havlat.
4:18 of 3rd period - Shot Misses the Net.
4:32 of 3rd period - Wrist shot by Mark Arcobello.
4:32 of 3rd period - Deflect By Mason Raymond.
4:32 of 3rd period - Shot Blocked by Steve Ott.
4:32 of 3rd period - Puck is out of play.
4:33 of 3rd period - Andrew Desjardins wins face-off versus Stephen Gionta in Blues zone.
5:02 of 3rd period - Wrist shot by Cam Atkinson.
5:02 of 3rd period - Stopped by Brian Elliott with a rebound.
5:50 of 3rd period - Minor Penalty to Rick Nash for Tripping.
5:51 of 3rd period - Mike Fisher wins face-off versus Sean Couturier in Blues zone.
6:42 of 3rd period - Kevan Miller is hit by Marian Gaborik and loses puck.
7:19 of 3rd period - Snap shot by Brandon Saad.
7:19 of 3rd period - Shot Misses the Net.
7:50 of 3rd period - Penalty to Rick Nash is over, Rick Nash is back on ice.
7:56 of 3rd period - Bryan Allen is hit by Thomas Hickey.
8:34 of 3rd period - Mark Arcobello is hit by Andrew Desjardins and loses puck.
9:03 of 3rd period - Slapshot by Johan Franzen.
9:03 of 3rd period - Stopped by Brian Elliott without a rebound.
9:04 of 3rd period - Stephen Gionta wins face-off versus Blair Jones in Hurricanes zone.
9:15 of 3rd period - Backhand shot by Aaron Ness.
9:15 of 3rd period - Stopped by Henrik Lundqvist without a rebound.
9:16 of 3rd period - Stephen Gionta wins face-off versus Artem Anisimov in Blues zone.
9:21 of 3rd period - Slapshot by Fedor Tyutin.
9:21 of 3rd period - Stopped by Henrik Lundqvist without a rebound.
9:22 of 3rd period - Steve Ott wins face-off versus Stephen Gionta in Blues zone.
9:31 of 3rd period - Wrist shot by Artem Anisimov.
9:31 of 3rd period - Shot Blocked by Fedor Tyutin.
9:45 of 3rd period - Snap shot by Rick Nash.
9:45 of 3rd period - Shot Misses the Net.
10:25 of 3rd period - Snap shot by Cam Atkinson.
10:25 of 3rd period - Deflect By Brandon Saad.
10:25 of 3rd period - Shot Blocked by Radim Vrbata.
10:25 of 3rd period - Puck is out of play.
10:26 of 3rd period - Mike Fisher wins face-off versus Andrew Desjardins in Hurricanes zone.
10:58 of 3rd period - Robyn Regehr is hit by Tomas Tatar and loses puck.
11:43 of 3rd period - Icing by Zbynek Michalek.
11:44 of 3rd period - Steve Ott wins face-off versus Mark Arcobello in Hurricanes zone.
12:15 of 3rd period - Slapshot by Brandon Saad.
12:15 of 3rd period - Stopped by Brian Elliott without a rebound.
12:16 of 3rd period - Mikhail Grabovski wins face-off versus Andrew Desjardins in Hurricanes zone.
12:23 of 3rd period - Wrist shot by Marian Gaborik.
12:23 of 3rd period - Stopped by Henrik Lundqvist with a rebound.
12:25 of 3rd period - Slapshot by Thomas Hickey.
12:25 of 3rd period - Shot Blocked by Andrew Desjardins.
12:33 of 3rd period - Snap shot by Radim Vrbata.
12:33 of 3rd period - Stopped by Henrik Lundqvist without a rebound.
12:34 of 3rd period - Mike Fisher wins face-off versus Sean Couturier in Blues zone.
12:41 of 3rd period - Slapshot by Mike Fisher.
12:41 of 3rd period - Shot Misses the Net.
13:15 of 3rd period - Minor Penalty to Fedor Tyutin for Hooking.
13:16 of 3rd period - Rick Nash wins face-off versus Stephen Gionta in Hurricanes zone.
13:55 of 3rd period - Slapshot by Tomas Tatar.
13:55 of 3rd period - Stopped by Brian Elliott with a rebound.
13:57 of 3rd period - Snap shot by Anders Lee.
13:57 of 3rd period - Stopped by Brian Elliott without a rebound.
13:58 of 3rd period - Stephen Gionta wins face-off versus Anders Lee in Hurricanes zone.
14:35 of 3rd period - Wrist shot by Brandon Saad.
14:35 of 3rd period - Stopped by Brian Elliott without a rebound.
14:36 of 3rd period - Sean Couturier wins face-off versus Mark Arcobello in Hurricanes zone.
14:41 of 3rd period - Slapshot by Rick Nash.
14:41 of 3rd period - Shot Misses the Net.
14:43 of 3rd period - Slapshot by Zdeno Chara.
14:43 of 3rd period - Shot Hit the Post.
14:45 of 3rd period - Slapshot by Josh Gorges.
14:45 of 3rd period - Deflect By Mason Raymond.
14:45 of 3rd period - Stopped by Brian Elliott with a rebound.
15:15 of 3rd period - Penalty to Fedor Tyutin is over, Fedor Tyutin is back on ice.
15:29 of 3rd period - Snap shot by Rick Nash.
15:29 of 3rd period - Stopped by Brian Elliott without a rebound.
15:30 of 3rd period - Mikhail Grabovski wins face-off versus Sean Couturier in Hurricanes zone.
15:37 of 3rd period - Wrist shot by Radim Vrbata.
15:37 of 3rd period - Shot Misses the Net.
15:39 of 3rd period - Slapshot by Thomas Hickey.
15:39 of 3rd period - Stopped by Henrik Lundqvist with a rebound.
15:41 of 3rd period - Snap shot by Thomas Hickey.
15:41 of 3rd period - Shot Misses the Net.
16:29 of 3rd period - Kevan Miller is hit by Jiri Hudler and loses puck.
16:40 of 3rd period - Snap shot by Mike Fisher.
16:40 of 3rd period - Shot Hit the Post.
17:39 of 3rd period - Minor Penalty to Blair Jones for Hooking.
17:40 of 3rd period - Sean Couturier wins face-off versus Mikhail Grabovski in Blues zone.
17:40 of 3rd period - Sean Couturier is hit by Thomas Hickey.
18:03 of 3rd period - Off-side.
18:04 of 3rd period - Mike Fisher wins face-off versus Sean Couturier in neutral zone.
18:15 of 3rd period - Wrist shot by Jiri Hudler.
18:15 of 3rd period - Shot Blocked by Bryan Allen.
18:17 of 3rd period - Slapshot by Aaron Ness.
18:17 of 3rd period - Stopped by Henrik Lundqvist without a rebound.
18:18 of 3rd period - Mike Fisher wins face-off versus Steve Ott in Blues zone.
18:21 of 3rd period - Snap shot by Mike Fisher.
18:21 of 3rd period - Shot Blocked by Steve Ott.
18:23 of 3rd period - Slapshot by Aaron Ness.
18:23 of 3rd period - Stopped by Henrik Lundqvist with a rebound.
18:25 of 3rd period - Snap shot by Adam Henrique.
18:25 of 3rd period - Stopped by Henrik Lundqvist without a rebound.
18:26 of 3rd period - Mikhail Grabovski wins face-off versus Steve Ott in Blues zone.
18:47 of 3rd period - Slapshot by Radim Vrbata.
18:47 of 3rd period - Shot Blocked by Kevan Miller.
18:49 of 3rd period - Slapshot by Aaron Ness.
18:49 of 3rd period - Shot Blocked by Johan Franzen.
19:28 of 3rd period - Sean Couturier is hit by Adam Henrique and loses puck.
19:33 of 3rd period - Snap shot by Jiri Hudler.
19:33 of 3rd period - Stopped by Henrik Lundqvist with a rebound.
19:39 of 3rd period - Penalty to Blair Jones is over, Blair Jones is back on ice.
19:42 of 3rd period - Slapshot by Jiri Hudler.
19:42 of 3rd period - Shot Misses the Net.
19:44 of 3rd period - Snap shot by Thomas Hickey.
19:44 of 3rd period - Deflect By Zdeno Chara.
19:44 of 3rd period - Goal by Thomas Hickey - Blues : 1 - Hurricanes : 2.
19:45 of 3rd period - Stephen Gionta wins face-off versus Sean Couturier in neutral zone.
19:56 of 3rd period - Off-side.
19:57 of 3rd period - Todd Richards call a timeout for Blues.
19:57 of 3rd period - Stephen Gionta wins face-off versus Sean Couturier in neutral zone.
Goals for this period are 0 for Blues vs 1 for Hurricanes.
Shots for this period are 9 for Blues vs 15 for Hurricanes.


Output by the SimonT Hockey Simulator (STHS) for Eric Dolegowski -- Original Page W3C XHTML 1.0 Valid
Hockey Simulator - Hockey Simulation - Hockey Manager